 Dungeon Crawl Stone Soup version 0.28.0-43-g3370ac3207 (webtiles) character file.

Game seed: 16285388652176869432

14 Jerry the Ducker (level 2, -1/29 HPs)
             Began as a Troll Fighter on Mar 14, 2022.
             Succumbed to a goblin's poison
             ... on level 1 of the Dungeon.
             The game lasted 00:00:42 (368 turns).

Jerry the Ducker (Troll Fighter)                     Turns: 368, Time: 00:00:42

Health: -1/29      AC:  4    Str: 23    XL:     2   Next: 31%
Magic:  1/1        EV:  8    Int:  4    God:
Gold:   0          SH:  7    Dex:  9    Spells: 1/1 levels left

rFire   . . .      SeeInvis .   a - +0 flail
rCold   . . .      Faith    .   c - +0 kite shield
rNeg    . . .      Spirit   .   b - +0 robe
rPois   .          Reflect  .   (helmet restricted)
rElec   .          Harm     .   (no cloak)
rCorr   .          Rampage  .   (gloves unavailable)
Will    .....                   (boots unavailable)
Stlth   +.........              (no amulet)
HPRegen 0.89/turn               (no ring)
MPRegen 0.07/turn               (no ring)

@: lethally poisoned (-1 -> -2)
A: large, unfitting armour, claws 3, regeneration 1, shaggy fur 1, tough skin 1
a: no special abilities


You were on level 1 of the Dungeon.
You visited 1 branch of the dungeon, and saw 1 of its levels.

Inventory:

Hand Weapons
 a - a +0 flail (weapon)
Armour
 b - a +0 robe (worn)
 c - a +0 kite shield (worn)
Scrolls
 e - a scroll of silence {unknown}
 f - a scroll of fog {unknown}
 g - a scroll of teleportation {unknown}
Potions
 d - a potion of might


   Skills:
 + Level 2.6 Fighting
 + Level 2.0 Maces & Flails
 + Level 2.6 Dodging
 + Level 2.6 Shields


You had one spell level left.
You didn't know any spells.
Your spell library was empty.

Dungeon Overview and Level Annotations

Branches:
Dungeon (1/15)

Altars:


Innate Abilities, Weirdness & Mutations

You are too large for most types of armour.
You have claws for hands.
Your natural rate of healing is unusually fast.
You are covered in fur. (AC +1)
You have tough skin. (AC +1)


Message History

You closely miss the goblin.
The goblin is severely wounded.
You block the goblin's attack.
You hit the goblin but do no damage.
The goblin is severely wounded.
The goblin hits you with a +0 dagger of venom.
You are poisoned.
The goblin barely misses you.
You barely miss the goblin.
The goblin is severely wounded.
You feel very sick. The goblin hits you but does no damage.
You are more poisoned.
You barely miss the goblin.
The goblin is severely wounded.
You feel very sick.
The goblin hits you with a +0 dagger of venom.
You are more poisoned.
The goblin hits you but does no damage.
You are lethally poisoned!
You barely miss the goblin.
The goblin is severely wounded.
You feel extremely sick. The goblin barely misses you.
You sock the goblin!
You kill the goblin!
* * * LOW HITPOINT WARNING * * *
You feel extremely sick.
* * * LOW HITPOINT WARNING * * *
You feel very sick.
You see here a +0 dagger of venom.
* * * LOW HITPOINT WARNING * * *
You feel very sick.
Okay, then.
* * * LOW HITPOINT WARNING * * *
You feel sick.
You see here a +0 hunting sling.
* * * LOW HITPOINT WARNING * * *
You feel sick.
You die...

#.# #.# #.########
#.# #........# #.#
########.# #(. #.#
##.
#.############# #.
#.............###.
#.########........
###@### #....###.
#...(.# ##.#.####
#####..)..#####
#.#.....
..............#
#.#####.
....#.?)..###.# #.
#. ###.#..?..# ..
#. # ###.###
.#.#.###. ...
......†.. #.#
.#.#.###.


There were no monsters in sight!

Vanquished Creatures
  2 ball pythons (D:1)
  2 endoplasms (D:1)
  2 giant cockroaches (D:1)
  2 goblins (D:1)
  A bat (D:1)
  3 frilled lizards (D:1)
  2 rats (D:1)
14 creatures vanquished.

Notes
Turn   | Place    | Note
-------+----------+-------------------------------------------
     0 | D:1      | Jerry the Troll Fighter began the quest for the Orb.
     0 | D:1      | Reached XP level 1. HP: 22/22 MP: 0/0
   174 | D:1      | Reached XP level 2. HP: 29/29 MP: 1/1
   268 | D:1      | Found a faded altar of an unknown god.
   367 | D:1      | HP: 1/29 [poisoned by a goblin]
   368 | D:1      | Succumbed to a goblin's poison

Illustrated notes

Levels and vault maps discovered:
D:1:      tarquinn_simple_flora_water_a, layout_loops_ring,
          dreamdust_ecumenical_altar_angels_and_demons

Skill      XL: |  1 |
---------------+----+-----
Maces & Flails | 2 |  2.0
Fighting       | |  2.6
Dodging        | |  2.6
Shields        | |  2.6

Action                   || total
-------------------------++-------
Melee: Flail             ||    36
Armor: Robe              ||    13
Dodge: Dodged            ||    13
Block: Kite shield       ||     8
